 Dungeon Crawl Stone Soup version 0.30.0-10-gfe55d96785 (webtiles) character file.

Game seed: 15737145458072325034

149 hikkokomori the Ducker (level 5, -4/41 HPs)
             Began as a Barachi Hexslinger on May 16, 2023.
             Killed by nerve-wracking pain
             ... invoked by an orc priest
              (8 damage)
             ... on level 3 of the Dungeon.
             The game lasted 00:04:43 (1779 turns).

hikkokomori the Ducker (Barachi Hexslinger)         Turns: 1779, Time: 00:04:44

Health: -4/41      AC:  6    Str: 11    XL:     5   Next: 31%
Magic:  6/6        EV: 13    Int: 13    God:
Gold:   111        SH:  0    Dex: 15    Spells: 5/6 levels left

rFire   . . .        a - +1 sling
rCold   . . .        (no shield)
rNeg    . . .        c - +0 robe
rPois   .            (no helmet)
rElec   .            (no cloak)
rCorr   .            b - +2 pair of gloves
SInv    .            d - +0 pair of boots
Will    .....        (no amulet)
Stlth   +            (no ring)
HPRegen 0.26/turn    (no ring)
MPRegen 0.10/turn

%: no passive effects
@: slow
A: amphibious, slowness 1, strong legs 1, +LOS
a: Hop


You were on level 3 of the Dungeon.
You visited 1 branch of the dungeon, and saw 3 of its levels.

You collected 111 gold pieces.

Inventory:

Hand Weapons
 a - a +1 sling (weapon)
 g - a +2 dagger of protection
Armour
 b - a +2 pair of gloves (worn)
 c - a +0 robe (worn)
 d - a +0 pair of boots (worn)
Scrolls
 h - 3 scrolls of identify {unknown}
 i - a scroll of amnesia {unknown}
 j - 2 scrolls of blinking {unknown}
Potions
 e - a potion of haste {unknown}
 f - a potion of flight {unknown}
 k - a potion of brilliance {unknown}
 l - 2 potions of curing


   Skills:
 + Level 3.5 Fighting
 + Level 3.4 Ranged Weapons
 + Level 3.7 Dodging
 - Level 1.1 Spellcasting
 - Level 3.2 Hexes


You had 5 spell levels left.
You knew the following spells:

 Your Spells              Type           Power      Damage    Failure   Level
a - Slow                  Hex            36%        N/A       8%          1

Your spell library contained the following spells:

 Spells                   Type           Power      Damage    Failure   Level
 Apportation              Tloc           0%         N/A       28%         1
 Necrotise                Necr           0%         1d4       28%         1
 Summon Small Mammal      Summ           0%         N/A       28%         1
 Inner Flame              Hex/Fire       4%         N/A       38%         3
 Portal Projectile        Hex/Tloc       8%         N/A       38%         3
 Cause Fear               Hex            4%         N/A       58%         4


Dungeon Overview and Level Annotations

Branches:
Dungeon (3/15)

Altars:
Ru


Innate Abilities, Weirdness & Mutations

You are amphibious.
You cover ground slowly.
You can hop short distances.
You have an extended range of vision and can be seen from far away.


Message History

You are too injured to fight recklessly!
You are too injured to fight recklessly!
You are too injured to fight recklessly!
You are too injured to fight recklessly!
You are too injured to fight recklessly!
You are too injured to fight recklessly!
You are too injured to fight recklessly!
You are too injured to fight recklessly!
You are too injured to fight recklessly!
You are too injured to fight recklessly!
You are too injured to fight recklessly!
You are too injured to fight recklessly!
You are too injured to fight recklessly!
You are too injured to fight recklessly!
You are too injured to fight recklessly!
You are too injured to fight recklessly!
You are too injured to fight recklessly!
You are too injured to fight recklessly!
You are too injured to fight recklessly!
You are too injured to fight recklessly!
You are too injured to fight recklessly!
You are too injured to fight recklessly!
You are too injured to fight recklessly!
You shoot a sling bullet.
The sling bullet hits the orc priest but does no damage.
The orc priest is almost dead.
The orc priest mumbles some strange prayers to Beogh against you.
Beogh smites you!
* * * LOW HITPOINT WARNING * * *
The orc priest hits you with a +0 club.
* * * LOW HITPOINT WARNING * * *
You shoot a sling bullet.
The sling bullet barely misses the orc priest.
The orc priest completely misses you. The orc priest closely misses you.
Unknown command.
You shoot a sling bullet.
The sling bullet closely misses the orc priest.
The orc priest mumbles some strange prayers to Beogh against you.
Pain shoots through your body!
You die...

#.#...####.........#
#......^.'.........+
#.#...####.........#
###.##.##
##.......## #......#
##.....## #.#.##.#
##...## #.#....#
##'## #......#
##.######.. #....<.#
#.@o...)).# #......#
#..o....#.# #.#....#
#...###.# #......#
..... # ####.###
..<.... #. .##..##..
## .. #... ... ##
##.. ...# ### ###


You could see 2 orc priests.

Vanquished Creatures
  A sleepcap (D:2)
  Terence (D:2)
  3 adders (D:2)
  2 worms (D:2)
  2 dart slugs (D:2)
  2 orcs (D:3)
  3 bats
  4 endoplasms
  2 giant cockroaches (D:1)
  7 goblins
  8 hobgoblins
  5 jackals
  3 quokkas
  5 ball pythons
  2 frilled lizards
  6 kobolds
  3 rats
59 creatures vanquished.

Notes
Turn   | Place    | Note
-------+----------+-------------------------------------------
     0 | D:1      | hikkokomori the Barachi Hexslinger began the quest for the
                  | Orb.
     0 | D:1      | Reached XP level 1. HP: 15/15 MP: 2/2
   133 | D:1      | Reached XP level 2. HP: 22/22 MP: 3/3
   372 | D:1      | Reached XP level 3. HP: 26/27 MP: 2/4
   854 | D:2      | Found a sacrificial altar of Ru.
   913 | D:2      | Reached XP level 4. HP: 22/34 MP: 1/5
  1442 | D:2      | Reached XP level 5. HP: 26/41 MP: 6/6
  1535 | D:2      | Noticed Terence
  1557 | D:2      | Killed Terence
  1779 | D:3      | Killed from afar by an orc priest

Illustrated notes

Levels and vault maps discovered:
D:1:      lemuel_arrival_room, layout_rooms
D:2:      layout_loops_ring, basic_altar, minmay_divided_ellipse, uniq_terence
D:3:      layout_loops_corners, ebering_ecumenical_altar_mist,
          kennysheep_generic_room_13

Skill      XL: |  1  2  3  4 |
---------------+-------------+-----
Fighting       | 2 3 |  3.5
Dodging        | 3 |  3.7
Ranged Weapons | 3 |  3.4
Spellcasting   | |  1.1
Hexes          | |  3.2

Action                     |  1- 3 |  4- 6 || total
---------------------------+-------+-------++-------
   Fire: Sling             |   129 |   110 ||   239
   Cast: Slow              |    14 |    10 ||    24
Ability: Hop               |     1 |     1 ||     2
    Use: Scroll            |     3 |       ||     3
         Potion            |     1 |       ||     1
 Armour: Robe              |    12 |    31 ||    43
  Dodge: Dodged            |    57 |    40 ||    97
